 Dungeon Crawl Stone Soup version 0.32-a0-433-g08bcfe7efd (webtiles) character file.

Game seed: 12434966653108738820

35 fozzywoppz the Covered (level 3, 0/33 HPs)
             Began as a Mountain Dwarf Fighter on Feb 23, 2024.
             Slain by a goblin
             ... wielding a +0 club
             ... led by Robin
              (3 damage)
             ... on level 2 of the Dungeon.
             The game lasted 00:03:06 (798 turns).

fozzywoppz the Covered (Mountain Dwarf Fighter)      Turns: 798, Time: 00:03:06

Health: 0/33       AC: 11    Str: 18    XL:     3   Next: 16%
Magic:  3/3        EV:  8    Int:  8    God:
Gold:   79         SH:  4    Dex: 11    Spells: 2/2 levels left

rFire   + + .        a - +0 flail
rCold   x . .        c - +0 buckler
rNeg    . . .        h - +0 fire dragon scales
rPois   .            (no helmet)
rElec   .            g - +0 cloak
rCorr   .            i - +0 pair of gloves
SInv    .            (no boots)
Will    .....        (no amulet) Stlth
                     (no ring)
HPRegen 0.25/turn    (no ring)
MPRegen 0.08/turn

%: no passive effects
@: no status effects
A: runic magic, artefact enchanting
a: no special abilities


You were on level 2 of the Dungeon.
You visited 1 branch of the dungeon, and saw 2 of its levels.

You collected 79 gold pieces.

Inventory:

Hand Weapons
 a - a +0 flail (weapon)
Armour
 b - a +0 scale mail
 c - a +0 buckler (worn)
 g - a +0 cloak (worn)
 h - +0 fire dragon scales (worn)
 i - a +0 pair of gloves (worn)
Scrolls
 j - 2 scrolls of identify {unknown}
Potions
 d - a potion of might
 e - 3 potions of degeneration {unknown}
 f - a potion of heal wounds {unknown}
 k - a potion of mutation {unknown}


   Skills:
 + Level 3.7 Fighting
 + Level 3.0 Maces & Flails
 + Level 3.7 Armour
 + Level 3.7 Shields


You had 2 spell levels left.
You didn't know any spells.
Your spell library contained the following spells:

 Spells                   Type           Power      Damage    Failure   Level
 Scorch                   Fire           0%         2d5       75%         2
 Flame Wave               Conj/Fire      0%         2d4       100%        4
 Summon Cactus Giant      Summ           0%         N/A       100%        6


Dungeon Overview and Level Annotations

Branches:
Dungeon (2/15)

Altars:

Shops:
D:1 (

Annotations:
D:2 Robin


Innate Abilities, Weirdness & Mutations

Your spellcasting is much less encumbered by armour.
You can use scrolls of enchantment on lesser artefacts.


Message History

Robin roars a battlecry!
The goblins go into a battle-frenzy!
The goblin barely misses you.
A goblin comes into view. It is wielding a +0 club.
You block the goblin's attack. The goblin hits you with a +0 club. x2
The goblin shouts!
The goblin hits you with a +0 club. The goblin attacks as it pursues you!
You block the goblin's attack.
Robin opens the door.
Robin hits you with a +0 spear. The goblin hits you but does no damage.
There is an open door here.
Robin hits you with a +0 spear. The goblin attacks as it pursues you!
The goblin closely misses you. Robin hits you but does no damage.
The goblin hits you but does no damage. Robin throws the goblin at you!
The goblin barely misses you.
The hobgoblin hits you but does no damage.
The hobgoblin barely misses you.
You sock the goblin!
You kill the goblin!
Robin says, "Bow before me, strongest of all the hobgoblins!"
Robin throws the goblin at you!
The hobgoblin hits you but does no damage.
The goblin hits you but does no damage. The hobgoblin hits you.
Unknown command.
You thump the goblin!
You kill the goblin!
The goblin hits you but does no damage. The goblin closely misses you.
Robin throws the goblin at you! The hobgoblin closely misses you.
The goblin barely misses you. The hobgoblin barely misses you.
The goblin hits you with a +0 club.
* * * LOW HITPOINT WARNING * * *
You hit the hobgoblin.
The hobgoblin is heavily wounded.
The hobgoblin no longer looks unusually strong. x4
Robin roars a battlecry!
The hobgoblins go into a battle-frenzy!
The hobgoblin hits you.
* * * LOW HITPOINT WARNING * * *
The goblin barely misses you. The goblin hits you with a +0 club.
You die...

.#### .....
####....##
+.........
#........#.
#gg.........
#@gg.....#..#.#
#gg.........#.#
##gg..........
#ggg.......#
##'##.###..#.. ..
######.#.$........
.. #...........##
#. #........g#..#
#. #.........##.#
#.


You could see Robin, 5 hobgoblins and 5 goblins.

Vanquished Creatures
  An adder (D:2)
  A dart slug (D:1)
  2 ball pythons (D:1)
  3 endoplasms (D:1)
  4 goblins
  4 hobgoblins (D:1)
  A quokka (D:2)
  A frilled lizard (D:1)
  3 kobolds (D:1)
  A rat (D:1)
21 creatures vanquished.

Notes
Turn   | Place    | Note
-------+----------+-------------------------------------------
     0 | D:1      | fozzywoppz the Mountain Dwarf Fighter began the quest for
                  | the Orb.
     0 | D:1      | Reached XP level 1. HP: 19/19 MP: 1/1
     1 | D:1      | Noticed an electric eel
    75 | D:1      | Found Wagaonn's Weapon Boutique.
   151 | D:1      | Reached XP level 2. HP: 26/26 MP: 2/2
   689 | D:2      | Reached XP level 3. HP: 33/33 MP: 3/3
   783 | D:2      | Noticed Robin
   798 | D:2      | Slain by a goblin

Illustrated notes

Levels and vault maps discovered:
D:1:      arrival_aquarium_a, layout_basic, serial_shops, shop
D:2:      layout_basic, uniq_sigmund, uniq_robin, uniq_terence

Skill      XL: |  1  2 |
---------------+-------+-----
Maces & Flails | 3 |  3.0
Fighting       | |  3.7
Armour         | |  3.7
Shields        | |  3.7

Action                     || total
---------------------------++-------
  Melee: Flail             ||    74
 Armour: Scale mail        ||    20
         Fire dragon scale ||    50
  Dodge: Dodged            ||    38
  Block: Buckler           ||    12

Table legend: (Time is in decaauts)
 A = Elapsed time spent in this place.
 B = Non-inter-level travel time spent in this place.
 C = Inter-level travel time spent in this place.
 D = Time resting spent in this place.
 E = Time spent auto-exploring this place.
 F = Levels seen in this place.
 G = Mean time per level.
                   A        B        C        D        E       F      G
               +--------+--------+--------+--------+--------+-----+--------+
         Total |    819 |    819 |      0 |      0 |    526 |   2 |  409.5 |
       Dungeon |    819 |    819 |      0 |      0 |    526 |   2 |  409.5 |
               +--------+--------+--------+--------+--------+-----+--------+

Top non-repeatable levels by time:
     D:1: 632 daAuts
     D:2: 187 daAuts
